Map: Frost LE

Players

ASgodude

  • Race: Protoss Protoss
  • League: Bronze

Gracz - Winner!

  • Race: Protoss Protoss
  • League: Bronze

VOD

Have the link to the VOD?

Description

Time

  • Played on: Sept. 16, 2016, 11:48 a.m.
  • Length: 11:48
Show
View Real Time Build Order
Export as new Build Order

ASgodude Protoss 

Build Orders:  

Get SALT Encoding   

  12  0:02  Probe (Chrono Boost)  
  13  0:22  Pylon  
  13  0:23  Probe (Chrono Boost)  
  14  0:32  Assimilator  
  14  0:46  Probe (Chrono Boost)  
  14  0:47  Gateway  
  15  0:57  Probe (Chrono Boost)  
  16  1:21  Assimilator  
  16  1:37  Cybernetics Core  
  16  1:52  Zealot  
  18  2:06  Warp Gate  
  18  2:17  Gateway  
  18  2:18  Zealot  
  22  2:30  Mothership Core (Chrono Boost)  
  22  2:46  Pylon  
  22  2:48  Probe (Chrono Boost)  
  22  3:04  Zealot  
  24  3:15  Cybernetics Core  
  24  3:25  Forge  
  24  3:31  Zealot  
  26  3:34  Adept  
  28  3:58  Adept  
  28  4:00  Probe (Chrono Boost)  
  31  4:14  Pylon  
  31  4:20  Pylon  
  31  4:32  Adept  
  31  4:34  Probe (Chrono Boost)  
  35  4:46  Probe (Chrono Boost)  
  35  4:51  Twilight Council  
  35  4:58  Photon Cannon  
  35  4:59  Adept  
  37  5:12  Gateway  
  37  5:23  Adept  
  39  5:32  Probe (Chrono Boost)  
  39  5:33  Resonating Glaives  
  40  5:44  Probe (Chrono Boost)  
  34  6:10  Adept  
  36  6:23  Robotics Facility  
  36  6:33  Mothership Core (Chrono Boost)  
  36  6:40  Photon Cannon  
  36  6:56  Nexus  
  36  6:59  Pylon  
  36  7:05  Adept  
  38  7:13  Warp Prism  
  41  7:24  Probe (Chrono Boost)  
  41  7:36  Probe (Chrono Boost)  
  42  7:38  Stargate  
  42  7:48  Stalker  
  44  8:30  Probe (Chrono Boost)  
  45  8:43  Probe (Chrono Boost)  
  24  10:10  Void Ray  
  24  10:11  Probe (Chrono Boost)  
  29  10:23  Probe (Chrono Boost)  
  30  10:36  Pylon  
  30  10:54  Immortal  
Show
View Real Time Build Order
Export as new Build Order

Gracz Protoss - Winner!

Build Orders:  

Get SALT Encoding   

  12  0:03  Probe (Chrono Boost)  
  13  0:15  Pylon  
  13  0:21  Probe (Chrono Boost)  
  14  0:31  Probe (Chrono Boost)  
  15  0:44  Probe (Chrono Boost), Gateway  
  16  0:54  Probe (Chrono Boost)  
  17  1:05  Probe (Chrono Boost)  
  18  1:15  Probe (Chrono Boost)  
  19  1:21  Gateway  
  19  1:24  Assimilator  
  19  1:26  Probe (Chrono Boost)  
  19  1:29  Pylon  
  20  1:37  Cybernetics Core  
  20  1:39  Probe (Chrono Boost)  
  21  2:10  Pylon  
  21  2:27  Nexus  
  21  2:30  Pylon  
  21  2:32  Pylon  
  21  2:38  Assimilator  
  21  2:39  Warp Gate  
  21  2:40  Assimilator  
  21  2:48  Assimilator, Probe (Chrono Boost)  
  22  3:00  Probe (Chrono Boost)  
  22  3:04  Gateway  
  23  3:07  Gateway  
  23  3:17  Robotics Facility  
  23  3:24  Probe (Chrono Boost)  
  24  3:36  Probe (Chrono Boost)  
  25  3:47  Probe (Chrono Boost)  
  25  3:48  Probe (Chrono Boost)  
  27  3:58  Probe (Chrono Boost)  
  27  4:00  Probe (Chrono Boost)  
  29  4:08  Probe (Chrono Boost)  
  30  4:12  Probe (Chrono Boost)  
  31  4:19  Robotics Facility, Probe (Chrono Boost)  
  33  4:24  Probe (Chrono Boost)  
  33  4:30  Mothership Core (Chrono Boost)  
  35  4:35  Warp Prism  
  35  4:36  Probe (Chrono Boost)  
  38  4:48  Probe x2 (Chrono Boost)  
  40  4:56  Gateway  
  40  4:59  Stargate  
  41  5:00  Stargate  
  41  5:01  Probe (Chrono Boost)  
  41  5:08  Stalker x2  
  41  5:09  Stalker  
  41  5:10  Stalker  
  41  5:12  Probe (Chrono Boost)  
  51  5:16  Probe (Chrono Boost)  
  51  5:57  Stalker x3  
  53  5:58  Stalker  
  51  6:29  Stalker  
  51  6:53  Pylon  
  51  6:55  Stalker  
  51  6:56  Pylon, Stalker x3  
  51  6:58  Void Ray x2  
  67  7:08  Probe (Chrono Boost)  
  69  7:09  Probe (Chrono Boost)  
  69  7:11  Immortal x2  
  77  7:21  Probe (Chrono Boost)  
  78  7:22  Pylon  
  78  7:25  Pylon  
  78  7:29  Pylon  
  78  7:36  Pylon  
  78  7:40  Pylon  
  78  7:43  Pylon  
  78  7:47  Pylon  
  78  7:50  Pylon  
  78  7:52  Stalker  
  78  7:53  Pylon  
  78  7:56  Forge  
  78  7:58  Forge  
  80  7:59  Fleet Beacon  
  80  8:32  Stalker  
  80  8:33  Sentry  
  84  8:34  Sentry x2  
  84  8:35  Sentry  
  88  8:59  Stalker x2  
  88  9:00  Stalker x3  
  98  9:06  Immortal  
  100  9:27  Stalker x2  
  74  10:03  Immortal x2  
  82  10:14  Probe (Chrono Boost)  
  83  10:25  Probe (Chrono Boost)  
  85  10:35  Probe (Chrono Boost)  
  85  10:41  Stalker  
  87  10:46  Probe (Chrono Boost)  
Tags
 
Add a new tag
Caveats
  • Supply blocks, unpowered buildings, or Contaminate may cause inaccurate times.
  • Supply counts are checked every 10 seconds.